 Dungeon Crawl Stone Soup version 0.30.0-11-gf55b779eaf (webtiles) character file.

Game seed: 12342529316733119771

100 GigaChad the Shooter (level 4, -4/31 (37) HPs)
             Began as a Draconian Hunter on May 17, 2023.
             Slain by Sigmund
             ... wielding a +3 scythe
              (9 damage)
             ... on level 3 of the Dungeon.
             The game lasted 00:02:51 (1700 turns).

GigaChad the Shooter (Draconian Hunter)             Turns: 1700, Time: 00:02:52

HP:   -4/31 (37)    AC:  5    Str: 15    XL:     4   Next: 47%
MP:   4/4           EV: 12    Int:  9    God:
Gold: 77            SH:  0    Dex: 15    Spells: 3/3 levels left

rFire   . . .        a - +0 shortbow
rCold   . . .        (shield currently unavailable)
rNeg    . . .        (body armour unavailable)
rPois   .            (helmet restricted)
rElec   .            (no cloak)
rCorr   .            (no gloves)
SInv    .            (no boots)
Will    .....        (no amulet)
Stlth   ++           (no ring)
HPRegen 0.25/turn    (no ring)
MPRegen 0.09/turn

%: no passive effects
@: heavily drained
A: AC +5, unfitting armour, cold-blooded
a: no special abilities


You were on level 3 of the Dungeon.
You visited 1 branch of the dungeon, and saw 3 of its levels.

You collected 77 gold pieces.

Inventory:

Hand Weapons
 a - a +0 shortbow (weapon)
 i - a +0 dagger
Jewellery
 d - a ring of flight
Wands
 k - a wand of mindburst (4)
Scrolls
 b - a scroll of immolation
 e - a scroll of fear
 f - 2 scrolls of teleportation
 g - a scroll of enchant armour
 h - a scroll of enchant weapon {unknown}
Potions
 c - 3 potions of curing {unknown}
 j - a potion of haste {unknown}


   Skills:
 * Level 2.7 Fighting
 * Level 4.9 Ranged Weapons
 * Level 2.1 Dodging
 * Level 1.5 Stealth


You had 3 spell levels left.
You didn't know any spells.
Your spell library was empty.

Dungeon Overview and Level Annotations

Branches:
Dungeon (3/15)

Altars:
Ru

Annotations:
D:3 Sigmund


Innate Abilities, Weirdness & Mutations

Your plain brown scales are hard. (AC +5)
You cannot fit into any form of body armour.
You are cold-blooded and may be slowed by cold attacks.


Message History

You shoot an arrow. The arrow barely misses Sigmund.
You shoot an arrow. The arrow hits Sigmund.
Sigmund is lightly wounded.
You shoot an arrow. The arrow closely misses Sigmund.
You shoot an arrow. The arrow hits Sigmund.
Sigmund is lightly wounded.
Sigmund hits you from afar with a +3 scythe.
You shoot an arrow. The arrow closely misses Sigmund.
Sigmund hits you from afar with a +3 scythe.
You shoot an arrow. The arrow closely misses Sigmund.
Sigmund barely misses you.
You shoot an arrow. The arrow barely misses Sigmund.
You shoot an arrow. The arrow hits Sigmund.
Sigmund is moderately wounded.
Sigmund screams, "Don't try to resist!"
Sigmund hits you from afar with a +3 scythe!
You shoot an arrow.
The arrow hits Sigmund but does no damage.
Sigmund is moderately wounded.
Sigmund misses you.
You shoot an arrow. The arrow closely misses Sigmund.
Sigmund gestures at you while chanting. The magic dart hits you.
You are too injured to fight recklessly!
You are too injured to fight recklessly!
You are too injured to fight recklessly!
You are too injured to fight recklessly!
Sigmund barely misses you.
You shoot an arrow. The arrow hits Sigmund.
Sigmund is heavily wounded.
Sigmund points at you and mumbles some strange words.
The magic dart hits you!
* * * LOW HITPOINT WARNING * * *
You shoot an arrow. The arrow hits Sigmund.
Sigmund is heavily wounded.
Sigmund barely misses you.
You shoot an arrow. The arrow hits Sigmund.
Sigmund is severely wounded.
Sigmund hits you with a +3 scythe!
You die...

#####.# #.<. †# ###. .. #
#.# ##### ##..... #####
....... ....#########
.......
............######..>....
....#######.....@@†......
##### ########.....†.
....... (...... .......
....... ....... ....)?.


You could see Sigmund (resistant).

Vanquished Creatures
  Ijyb (D:3)
  An adder (D:3)
  3 dart slugs
  6 orcs (D:3)
  6 ball pythons
  6 endoplasms
  3 giant cockroaches (D:1)
  4 goblins (D:1)
  4 hobgoblins
  4 jackals (D:3)
  2 quokkas (D:1)
  2 bats (D:1)
  A frilled lizard (D:1)
  A kobold (D:2)
  5 rats
49 creatures vanquished.

Notes
Turn   | Place    | Note
-------+----------+-------------------------------------------
     0 | D:1      | GigaChad the Draconian Hunter began the quest for the Orb.
     0 | D:1      | Reached XP level 1. HP: 17/17 MP: 1/1
    94 | D:1      | Reached skill level 1 in Stealth
   124 | D:1      | Reached XP level 2. HP: 24/24 MP: 2/2
   143 | D:1      | Reached skill level 4 in Ranged Weapons
   591 | D:1      | Reached XP level 3. HP: 30/30 MP: 3/3
  1422 | D:3      | Found a sacrificial altar of Ru.
  1529 | D:3      | Reached XP level 4. HP: 28/29 MP: 4/4
  1546 | D:3      | Noticed Ijyb
  1555 | D:3      | Killed Ijyb
  1683 | D:3      | Noticed Sigmund
  1700 | D:3      | Slain by Sigmund

Illustrated notes

Levels and vault maps discovered:
D:1:      erik_arrival_triangle_medium, layout_basic, fountainhead,
          minmay_tall_x
D:2:      minmay_inner_zag, layout_loops_cross, minmay_increasing_density,
          uniq_terence
D:3:      layout_rooms, mainiacjoe_overflow_tiny_flanked, dk_vineyard_3,
          uniq_sigmund, uniq_ijyb

Skill      XL: |  1  2  3 |
---------------+----------+-----
Stealth        | 1 |  1.5
Ranged Weapons | 4 |  4.9
Dodging        | 2 |  2.1
Fighting       | |  2.7

Action                     |  1- 3 |  4- 6 || total
---------------------------+-------+-------++-------
   Fire: Shortbow          |   123 |    26 ||   149
    Use: Scroll            |     4 |       ||     4
 Armour: Skin              |    17 |       ||    17
  Dodge: Dodged            |    34 |     6 ||    40
